 Dungeon Crawl Stone Soup version 0.19-a0-1320-g0178847 (webtiles) character file.

278452 Amnesiac the Axe Maniac (level 20, -1/189 HPs)
             Began as a Hill Orc Monk on Aug 31, 2016.
             Was a High Priest of Beogh.
             Splashed by an acid blob's acid (5 damage)
             ... created by the Royal Jelly
             ... on level 4 of the Pits of Slime.
             The game lasted 01:48:27 (39792 turns).

Amnesiac the Axe Maniac (Hill Orc Monk)            Turns: 39792, Time: 01:48:27

Health: -1/189     AC: 16    Str: 18    XL:     20   Next: 42%
Magic:  20/20      EV: 22    Int:  6    God:    Beogh [*****.]
Gold:   3997       SH:  0    Dex: 26    Spells: 8 memorised, 4 levels left

rFire  x . .     SeeInvis +     o - +6 battleaxe (vamp)
rCold  + + .     Gourm    .     V - +4 ice dragon armour
rNeg   . . .     Faith    .     (shield currently unavailable)
rPois  +         Spirit   .     S - +2 helmet
rElec  +         Dismiss  .     Q - +2 cloak
rCorr  +         Reflect  .     h - +0 pair of gloves
MR     +++++     Harm     .     N - +0 pair of boots
Stlth  +.........               K - amulet "Woawk" {+Rage rPois Int-2 Dex+4 SInv}
                                G - ring "Kisa" {MR+ AC+2 Dex+4}
                                r - ring of resist corrosion

@: corroded, very slightly contaminated
A: walk on water, hooves 1, blink, blurry vision 1, dopey 1, magic resistance 3,
electricity resistance, subdued magic 1
a: Blink, Smiting, Recall Orcish Followers, Give Item to Named Follower,
Renounce Religion, Evoke Berserk Rage
}: 2/15 runes: decaying, serpentine


You were on level 4 of the Pits of Slime.
You worshipped Beogh.
Beogh was extremely pleased with you.
You were not hungry.

You visited 7 branches of the dungeon, and saw 36 of its levels.
You also visited: Ice Cave and Volcano.

You collected 4899 gold pieces.
You spent 902 gold pieces at shops.

Inventory:

Hand Weapons
 o - a +6 vampiric battleaxe (weapon)
 x - a +2 executioner's axe of chopping
Armour
 h - a +0 pair of gloves (worn)
 A - the +8 chain mail "Woomnim" {MR+}
   (You found it on level 2 of the Snake Pit)

   It affects your resistance to hostile enchantments.
 D - a +2 shield
 N - a +0 pair of boots (worn)
 Q - a +2 cloak (worn)
 S - a +2 helmet (worn)
 V - a +4 ice dragon armour (worn)
Rods
 Z - a +9 lightning rod (9/9)
   (You found it on level 6 of the Lair of Beasts)
Jewellery
 b - the ring "Caeff" {rElec rC+ rN+++ Dex+4 Slay-2}
   (You bought it in a shop on level 2 of the Orcish Mines)

   [ring of dexterity]

   It affects your dexterity (+4).
   It affects your accuracy and damage with ranged weapons and melee attacks
   (-2).
   It protects you from cold.
   It insulates you from electricity.
   It renders you almost immune to negative energy.
 l - an uncursed ring of protection from fire
 r - a ring of resist corrosion (left hand)
 G - the ring "Kisa" (right hand) {MR+ AC+2 Dex+4}
   (You found it on level 3 of the Elven Halls)

   [ring of protection]

   It affects your AC (+2).
   It affects your dexterity (+4).
   It affects your resistance to hostile enchantments.
 K - the amulet "Woawk" (around neck) {+Rage rPois Int-2 Dex+4 SInv}
   (You found it on level 10 of the Dungeon)

   [amulet of rage]

   It affects your intelligence (-2).
   It affects your dexterity (+4).
   It protects you from poison.
   It lets you see invisible.
   It lets you go berserk.
Wands
 a - a wand of digging (8/24)
 f - a wand of hasting (0/9)
 E - a wand of heal wounds (0/9)
 I - a wand of disintegration (8/24)
 R - a wand of teleportation (9/9)
Scrolls
 t - 4 scrolls of remove curse
 u - 2 scrolls of fear
 y - 14 scrolls of identify
 z - 2 scrolls of magic mapping
 B - 6 scrolls of fog
 H - a scroll of amnesia
 J - 4 scrolls of recharging
 P - 2 scrolls of blinking
 T - 5 scrolls of teleportation
 U - a scroll of holy word
Potions
 e - 2 potions of invisibility
 g - a potion of resistance
 i - 4 potions of brilliance
 m - 15 potions of curing
 q - 2 potions of magic
 s - 4 potions of might
 w - 6 potions of lignification
 L - 2 potions of haste
 M - 4 potions of berserk rage
 Y - 2 potions of cancellation
Books
 v - a book of Party Tricks

   Spells                             Type                      Level
   a - Summon Butterflies             Summoning                    1
   b - Apportation                    Translocation                1
   c - Tukima's Dance                 Hexes                        3
   d - Alistair's Intoxication        Transmutation/Poison         5
   e - Invisibility                   Hexes                        6
 C - a manual of Axes
Comestibles
 c - 15 bread rations
 j - 13 beef jerkies
 k - 3 slices of pizza
 p - 21 meat rations
 W - 23 royal jellies
 X - 21 fruits


   Skills:
 + Level 18.8 Fighting
 O Level 27 Axes
 - Level 16.1 Armour
 - Level 14.4 Dodging
 - Level 1.5 Stealth


You had 4 spell levels left.
You knew the following spells:

 Your Spells              Type           Power        Failure   Level  Hunger
a - Repel Missiles        Chrm/Air       #.....       99%         2    ###....
b - Blink                 Tloc           N/A          99%         2    ###....
c - Swiftness             Chrm/Air       #.......     99%         2    ###....
d - Summon Butterflies    Summ           #.......     94%         1    ##.....
e - Conjure Flame         Conj/Fire      #.......     100%        3    ####...
f - Regeneration          Chrm/Necr      #.........   100%        3    ####...
g - Confusing Touch       Hex            #.....       94%         1    ##.....
h - Apportation           Tloc           #.........   94%         1    ##.....


Dungeon Overview and Level Annotations

Branches:
Dungeon (12/15)            Temple (0/1) D:4            Lair (6/6) D:10
  Swamp (4/4) Lair:4        Snake (4/4) Lair:2        Slime (5/5) Lair:6
    Orc (2/2) D:12            Elf (3/3) Orc:2

Altars:
Dithmenos
Elyvilon
Fedhas
Gozag
Hepliaklqana
Kikubaaqudgha
Makhleb
Nemelex Xobeh
Sif Muna
Vehumet
Yredelemnul
Zin
The Shining One

Shops:
D:6 }!   Orc:2 *[=(   Elf:2 *

Portals:
Trove: D:11 (give horn of Geryon)

Annotations:
Lair:3 exclusion: oklob plant
Slime:5 Royal Jelly


Innate Abilities, Weirdness & Mutations

You can walk on water.
You have large cloven feet.
You can translocate small distances at will.
Scrolls take you a little longer to read.
You are dopey. (Int -2)
You are extremely resistant to the effects of hostile enchantments. (MR+++)
You are resistant to electric shocks. (rElec)
Your spells are a little easier to cast, but a little less powerful.


Message History

The splash of acid hits you! You resist.
* * * LOW HITPOINT WARNING * * *
The acid burns!
You resist.
* * * LOW HITPOINT WARNING * * *
Blink to where?
Press: ? - help, Dir - move target cursor, f - you Are you sure you want to cancel this blink?
Blink to where?
Press: ? - help, Dir - move target cursor You are very lightly contaminated with residual magic.
As you read the scroll of blinking, it crumbles to dust.
The acid blob spits acid at you. The splash of acid hits you!
The acid burns!
You resist.
* * * LOW HITPOINT WARNING * * *
There is a stone staircase leading up here.
The acid blob spits acid at you. The splash of acid hits you! You resist.
* * * LOW HITPOINT WARNING * * *
The acid burns!
You resist.
You die...

.....#.....J§.....#.###
........#..JJ.........##
...........J...........#
....................#..#
.......>...........#....
.....................# .
.....................# ## ...
.....#..............##.##
#..........#..@....#.......#
##...##......#....###......##
#....###..........##.#.....#
#................##........#
#.#.................#.#....#
##..............##.#####....#
###............#.##...#
##..... #..............#.##.
# ...... ...........#.......
..#...


You could see 2 acid blobs and a death ooze.

Vanquished Creatures
  Jorgrun (Snake:2)
  2 deep elf blademasters (Elf:3)
  12 acid blobs
  The ghost of 4thArraOfDagon the Brawler, an adept TrIE of Sif Muna (Elf:3)
  6 greater nagas
  4 azure jellies
  6 deep elf sorcerers (Elf:3)
  Louise (Swamp:4)
  2 angels (Elf:1)
  A stone giant (Orc:1)
  3 deep elf elementalists (Elf:3)
  3 very ugly things
  6 deep elf demonologists
  2 deep elf annihilators
  A dire elephant (Lair:6)
  3 deep elf high priests (Elf:3)
  3 death oozes (Slime:5)
  6 deep elf death magi
  3 great orbs of eyes
  The ghost of Rationalist the Blocker, a journeyman MiFi of Trog (D:11)
  6 naga warriors
  Harold (Lair:2)
  A ghost crab (Swamp:4)
  3 hydras
  2 ice dragons (Swamp:4)
  Fannar (Lair:2)
  A catoblepas (Lair:6)
  6 anacondas
  A deep troll shaman (Lair:6)
  10 death yaks
  4 alligators
  8 dancing weapons
  An orc high priest (Orc:1)
  10 shock serpents
  7 naga sharpshooters
  10 deep elf knights
  Sonja (D:10)
  3 salamander mystics
  3 skeletal warriors (D:11)
  2 sea snakes (Snake:4)
  2 swamp dragons
  9 deep elf archers
  Pikel (D:4)
  An orc knight (Orc:2)
  4 shambling mangroves
  8 naga ritualists
  2 lindwurms (Snake:4)
  A statue (Volcano)
  11 hill giants
  An orc sorcerer (Orc:1)
  A cyclops (Orc:1)
  8 mana vipers
  27 deep elf magi
  2 shining eyes (Slime:2)
  3 guardian serpents (Snake:4)
  14 salamanders
  2 hornets
  2 manticores
  2 toenail golems (Volcano)
  5 ice statues (IceCv)
  6 elephants
  11 naga magi
  45 black mambas
  3 gargoyles
  4 spiny frogs
  3 freezing wraiths (Swamp:4)
  A rime drake (Lair:2)
  7 komodo dragons
  An efreet (Volcano)
  A golden dragon simulacrum (IceCv)
  An anaconda simulacrum (IceCv)
  A queen bee (Lair:2)
  4 trolls
  2 polar bears (Lair:6)
  3 bog bodies
  66 slime creatures
  6 blink frogs
  4 giant leeches
  5 dream sheep (Lair:6)
  3 shadows
  An air elemental (Elf:1)
  3 dire elephant simulacra (IceCv)
  6 spriggans
  A vampire (D:12)
  25 yaks
  A water elemental (Elf:1)
  3 basilisks
  4 fire elementals
  8 vampire mosquitoes
  A hungry ghost (D:8)
  7 golden eyes
  4 swamp worm simulacra (Swamp:4)
  5 wargs
  8 hippogriffs
  A mottled dragon (Lair:2)
  The ghost of Ruebezahl the Skirmisher, an amateur GrCK of Xom (D:3)
  A harpy simulacrum (IceCv)
  4 insubstantial wisps
  Edmund (D:4)
  24 nagas
  8 swamp worms
  12 porcupines
  A giant eyeball (Slime:4)
  19 hydra simulacra
  9 water moccasins
  9 swamp drakes
  10 ice beasts
  3 orc warriors
  2 phantoms
  3 eyes of draining
  5 sky beasts
  2 black bears
  A necrophage (D:7)
  An ettin simulacrum (IceCv)
  3 slaves (D:4)
  5 wasps
  17 ogres
  19 wolves
  2 centaurs
  6 crocodiles
  2 big kobolds
  11 giant frogs
  A gnoll sergeant (Orc:1)
  A wyvern zombie (D:8)
  3 earth elementals
  4 scorpions
  26 killer bees
  5 electric eels
  3 howler monkeys
  3 crimson imps
  5 lava snakes (Volcano)
  Crazy Yiuf (D:3)
  15 hounds
  2 jellies
  7 orc wizards
  4 orc priests
  A centaur skeleton (D:9)
  2 giant frog skeletons
  Ijyb (D:2)
  Natasha (thrice) (D:3)
  5 iguanas
  11 worker ants
  A killer bee zombie (D:6)
  A hound zombie (D:3)
  10 gnolls
  13 adders
  37 river rats
  4 shadow imps
  4 swamp drake simulacra (Swamp:4)
  2 oozes
  2 adder skeletons (D:4)
  2 adder zombies
  A worm (D:3)
  10 giant geckos
  21 orcs
  A ball python (D:2)
  7 bats
  6 giant cockroaches
  7 hobgoblins
  9 jackals
  3 quokkas
  2 giant gecko skeletons
  4 giant newts
  5 goblins
  A jackal zombie (D:7)
  15 kobolds
  A quokka skeleton (D:4)
  A quokka zombie (D:5)
  9 rats
  5 briar patches (Swamp:2)
  2 crawling corpses (Elf:3)
  3 fungi
  7 plants
989 creatures vanquished.

Vanquished Creatures (collateral kills)
  Mara (Swamp:3)
  Nikola (Swamp:3)
  Asterion (Snake:1)
  2 deep elf master archers (Elf:3)
  2 acid blobs
  A deep elf blademaster (Elf:2)
  Gastronok (Lair:1)
  A thorn hunter (Swamp:2)
  Roxanne (Swamp:2)
  Donald (Elf:2)
  A deep elf sorcerer (Elf:3)
  A deep elf elementalist (Elf:3)
  Aizul (Snake:1)
  A stone giant (Orc:2)
  2 deep elf demonologists
  3 deep elf annihilators (Elf:3)
  3 deep elf high priests
  A great orb of eyes (Slime:5)
  7 hydras
  5 naga warriors
  A catoblepas (Lair:5)
  9 anacondas
  13 dancing weapons
  5 death yaks
  3 orc high priests (Orc:2)
  4 naga sharpshooters
  A spriggan (Swamp:4)
  5 shock serpents
  2 salamander mystics (Snake:3)
  11 deep elf knights
  A large abomination (Elf:1)
  A sea snake (Snake:4)
  A skeletal warrior (D:11)
  A spriggan druid (Swamp:4)
  A swamp dragon (Swamp:3)
  A lindwurm (Snake:4)
  3 naga ritualists
  6 deep elf archers
  2 orc knights (Orc:2)
  5 hill giants
  4 mana vipers
  4 orc sorcerers
  28 deep elf magi
  A griffon (Lair:6)
  A hornet (Swamp:3)
  5 elephants
  A guardian serpent (Snake:4)
  3 naga magi
  11 black mambas
  4 spiny frogs
  A freezing wraith (Swamp:4)
  A giant leech (Swamp:1)
  8 slime creatures
  A bog body (Swamp:4)
  3 dream sheep (Lair:6)
  3 blink frogs
  2 water elementals
  3 yaks
  A shadow (Swamp:4)
  2 fire elementals
  A vampire mosquito (Swamp:3)
  A basilisk (D:12)
  A hippogriff (Lair:5)
  A soldier ant (D:9)
  6 insubstantial wisps
  8 nagas
  2 wargs
  5 water moccasins
  A porcupine (Lair:1)
  4 swamp worms
  11 orc warriors
  3 wasps
  4 centaurs
  2 wolves (Lair:6)
  3 ogres
  Blork the orc (Orc:1)
  5 crocodiles
  2 giant frogs
  An earth elemental (Elf:1)
  4 killer bees (D:12)
  2 crimson imps (D:12)
  3 jellies
  3 orc priests
  2 giant frog skeletons (D:12)
  A worker ant (D:9)
  8 orc wizards
  A gnoll (Orc:1)
  2 shadow imps (D:12)
  23 orcs
  A kobold (D:11)
  A crawling corpse (Elf:3)
  A plant (Lair:2)
314 creatures vanquished.

Vanquished Creatures (others)
  An azure jelly (Swamp:4)
  A deep elf sorcerer (Elf:3)
  3 orc warlords
  A deep elf annihilator (Elf:3)
  A deep elf death mage (Elf:3)
  A ghost crab (Swamp:3)
  19 orc knights
  An orc high priest (Orc:2)
  A salamander mystic (Snake:4)
  A naga ritualist (Snake:4)
  A lindwurm (Snake:4)
  A mana viper (Snake:4)
  3 orc sorcerers
  A black mamba (Snake:4)
  A naga mage (Snake:4)
  A guardian serpent (Snake:4)
  37 orc warriors
  A swamp drake (Swamp:4)
  A slave (D:4)
  A crocodile (Lair:4)
  21 orc priests
  A giant frog zombie (D:7)
  13 orc wizards
  A shadow imp (D:7)
  45 orcs
  A fire vortex (Volcano)
  2 fungi
162 creatures vanquished.

Grand Total: 1465 creatures vanquished

Notes
Turn   | Place    | Note
-------+----------+-------------------------------------------
     0 | D:1      | Amnesiac the Hill Orc Monk began the quest for the Orb.
     0 | D:1      | Reached XP level 1. HP: 19/19 MP: 1/1
   166 | D:1      | Reached XP level 2. HP: 17/27 MP: 2/2
   457 | D:3      | Reached XP level 3. HP: 24/33 MP: 3/3
   610 | D:3      | Reached skill level 5 in Axes
   651 | D:3      | Noticed Ruebezahl's ghost (amateur GrCK)
   901 | D:2      | Noticed Ijyb
   926 | D:2      | Killed Ijyb
   926 | D:2      | Reached XP level 4. HP: 32/41 MP: 4/4
  1024 | D:2      | Found a burning altar of Makhleb.
  1376 | D:3      | Found a runed door.
  1438 | D:3      | Reached skill level 6 in Axes
  1445 | D:3      | Reached skill level 5 in Fighting
  1717 | D:3      | Reached XP level 5. HP: 48/48 MP: 5/5
  1718 | D:3      | Noticed Natasha
  1865 | D:4      | Noticed a slave
  1869 | D:4      | Noticed Pikel
  1871 | D:4      | Noticed a slave
  1873 | D:4      | Noticed a slave
  1875 | D:4      | Noticed a slave
  1879 | D:4      | Killed a slave
  1893 | D:4      | Killed Pikel
  1893 | D:4      | Reached skill level 9 in Axes
  1893 | D:4      | Reached XP level 6. HP: 45/58 MP: 6/6
  1893 | D:4      | Reached XP level 7. HP: 50/64 MP: 7/7
  2570 | D:4      | Noticed Edmund
  2582 | D:5      | Entered Level 5 of the Dungeon
  2896 | D:5      | Reached skill level 10 in Axes
  2896 | D:5      | Reached XP level 8. HP: 60/73 MP: 8/8
  3322 | D:5      | Found a blossoming altar of Fedhas.
  3507 | D:5      | Found a white marble altar of Elyvilon.
  3510 | D:5      | Found a sparkling altar of Nemelex Xobeh.
  3747 | D:5      | Gained mutation: You are frail. (-10% HP) [mutagenic meat]
  3750 | D:5      | Lost mutation: You are frail. (-10% HP) [mutagenic meat]
  3753 | D:5      | Gained mutation: You occasionally shout uncontrollably at your foes. [mutagenic meat]
  4178 | D:5      | Reached skill level 11 in Axes
  4199 | D:5      | Found a shadowy altar of Dithmenos.
  4326 | D:6      | Gained mutation: Your spells are a little easier to cast, but a little less powerful. [mutagenic meat]
  4329 | D:6      | Gained mutation: You are somewhat resistant to further mutation. [mutagenic meat]
  4744 | D:5      | Reached skill level 12 in Axes
  4744 | D:5      | Reached XP level 9. HP: 23/82 MP: 5/9
  4754 | D:5      | Gained mutation: You have sharp toenails. [mutagenic meat]
  4760 | D:5      | Lost mutation: You occasionally shout uncontrollably at your foes. [mutagenic meat]
  5032 | D:6      | Found Refof's Distillery.
  5177 | D:6      | Found a deep blue altar of Sif Muna.
  5754 | D:6      | Found Korar's Gadget Boutique.
  5794 | D:7      | Became a worshipper of Beogh the Brigand
  5794 | D:7      | Reached * piety under Beogh
  5794 | D:7      | Reached ** piety under Beogh
  5833 | D:7      | Reached skill level 13 in Axes
  6057 | D:7      | Found an opulent altar of Gozag.
  6609 | D:3      | Killed Natasha
  6635 | D:3      | Noticed Natasha
  6644 | D:3      | Killed Ruebezahl's ghost
  6644 | D:3      | Killed Natasha
  7409 | D:3      | Noticed Natasha
  7414 | D:3      | Killed Natasha
  7452 | D:3      | Found a faded altar of an unknown god.
  7495 | D:3      | Found an ancient bone altar of Kikubaaqudgha.
  7616 | D:3      | Noticed Crazy Yiuf
  7630 | D:3      | Killed Crazy Yiuf
  7690 | D:4      | Found a staircase to the Ecumenical Temple.
  7734 | D:4      | Killed Edmund
  7741 | D:4      | Reached skill level 14 in Axes
  7953 | D:8      | Reached skill level 10 in Fighting
  7961 | D:8      | Reached *** piety under Beogh
  7968 | D:8      | Reached XP level 10. HP: 70/91 MP: 10/10
  8640 | D:9      | Paralysed by a wasp for 2 turns
  8655 | D:9      | Reached skill level 15 in Axes
  8802 | D:9      | Found a hazy altar of Hepliaklqana.
  8872 | D:9      | Found a radiant altar of Vehumet.
  9241 | D:10     | Entered Level 10 of the Dungeon
  9266 | D:10     | Noticed Sonja
  9280 | D:10     | Killed Sonja
  9538 | D:10     | Got a clouded platinum amulet
  9561 | D:10     | Noticed a hill giant
  9575 | D:10     | Killed a hill giant
  9575 | D:10     | Reached skill level 16 in Axes
  9723 | D:10     | Reached XP level 11. HP: 78/100 MP: 11/11
  9750 | D:10     | Reached skill level 5 in Dodging
 10020 | D:10     | Reached **** piety under Beogh
 10073 | D:10     | Found a staircase to the Lair.
 10089 | Lair:1   | Entered Level 1 of the Lair of Beasts
 10146 | Lair:1   | Found a dark tunnel.
 10147 | Lair:1   | Noticed Gastronok
 10158 | Volcano  | Entered a volcano
 10423 | Volcano  | Found a bloodstained altar of Trog.
 10437 | Volcano  | Noticed a firespitter statue
 10496 | Volcano  | Killed a firespitter statue
 10537 | Volcano  | Identified the amulet "Woawk" {+Rage rPois Int-2 Dex+4 SInv} (You found it on level 10 of the Dungeon)
 10566 | Lair:1   | Killed Gastronok
 10918 | Lair:1   | Learned a level 2 spell: Repel Missiles
 10921 | Lair:1   | Learned a level 2 spell: Blink
 10954 | Lair:1   | Learned a level 2 spell: Swiftness
 10976 | Lair:1   | Gained mutation: Your body sometimes deteriorates upon taking damage. [potion of mutation]
 10976 | Lair:1   | Gained mutation: You have a pair of small horns on your head. [potion of mutation]
 11255 | Lair:2   | Lost mutation: You have a pair of small horns on your head. [potion of cure mutation]
 11255 | Lair:2   | Lost mutation: Your body sometimes deteriorates upon taking damage. [potion of cure mutation]
 11255 | Lair:2   | Lost mutation: You have sharp toenails. [potion of cure mutation]
 11255 | Lair:2   | Lost mutation: You are somewhat resistant to further mutation. [potion of cure mutation]
 11263 | Lair:2   | Gained mutation: You are resistant to hostile enchantments. (MR+) [potion of beneficial mutation]
 11322 | Lair:2   | Found a staircase to the Snake Pit.
 11340 | Lair:2   | Noticed Harold
 11367 | Lair:2   | Killed Harold
 11535 | Lair:2   | Reached XP level 12. HP: 96/108 MP: 12/12
 11694 | Lair:2   | Reached ***** piety under Beogh
 11776 | Lair:2   | Reached skill level 10 in Dodging
 12049 | Lair:2   | Noticed Fannar
 12075 | Lair:2   | Killed Fannar
 12650 | Lair:3   | Reached skill level 5 in Armour
 12810 | Lair:3   | Found a glowing golden altar of the Shining One.
 12812 | Lair:3   | Noticed a death yak
 12857 | Lair:3   | Killed a death yak
 13087 | Lair:3   | Noticed a death yak
 13089 | Lair:3   | Noticed a death yak
 13089 | Lair:3   | Noticed a death yak
 13105 | Lair:3   | Killed a death yak
 13106 | Lair:3   | Killed a death yak
 13112 | Lair:3   | Killed a death yak
 13509 | Lair:4   | Found a staircase to the Swamp.
 13525 | Lair:4   | Reached XP level 13. HP: 111/114 MP: 13/13
 13588 | Lair:4   | Reached skill level 10 in Armour
 14149 | Lair:4   | Gained mutation: Scrolls take you a little longer to read. [potion of mutation]
 14149 | Lair:4   | Gained mutation: You have large cloven feet. [potion of mutation]
 14149 | Lair:4   | Gained mutation: You are highly resistant to hostile enchantments. (MR++) [potion of mutation]
 14622 | Lair:5   | Found a deep blue altar of Sif Muna.
 15337 | Lair:6   | Entered Level 6 of the Lair of Beasts
 15355 | Lair:6   | Reached ****** piety under Beogh
 15528 | Lair:6   | Found a staircase to the Slime Pits.
 15654 | Lair:6   | Gained Wargrak as an ally
 16309 | Lair:6   | Reached XP level 14. HP: 122/124 MP: 14/14
 16533 | Lair:6   | Your ally Wargrak died
 16572 | Lair:6   | Noticed a dire elephant
 16597 | Lair:6   | Killed a dire elephant
 17190 | D:11     | Noticed Rationalist's ghost (journeyman MiFi)
 17439 | D:11     | Gained mutation: You are extremely resistant to the effects of hostile enchantments. (MR+++) [mutagenic meat]
 17444 | D:11     | Gained mutation: You are resistant to electric shocks. (rElec) [mutagenic meat]
 17458 | D:11     | Found a portal to a secret trove of treasure.
 17536 | D:11     | Killed Rationalist's ghost
 18150 | D:11     | Found a basalt altar of Yredelemnul.
 18267 | D:11     | Identified a scroll of acquirement
 18351 | D:11     | Gained Horkud as an ally
 18674 | D:12     | Found a staircase to the Orcish Mines.
 18814 | D:12     | Reached skill level 17 in Axes
 19739 | Orc:1    | Entered Level 1 of the Orcish Mines
 19744 | Orc:1    | Noticed Blork the orc
 19750 | Orc:1    | Killed Blork the orc
 19886 | Orc:1    | Reached skill level 18 in Axes
 20339 | Orc:1    | Noticed a stone giant
 20350 | Orc:1    | Killed a stone giant
 20350 | Orc:1    | Reached XP level 15. HP: 122/135 MP: 15/15
 20393 | Orc:1    | Learned a level 3 spell: Mephitic Cloud
 20397 | Orc:1    | Learned a level 3 spell: Conjure Flame
 20480 | Orc:1    | Gained Morguth as an ally
 20735 | Orc:1    | Reached skill level 19 in Axes
 21221 | Orc:2    | Entered Level 2 of the Orcish Mines
 21566 | Orc:2    | Found a staircase to the Elven Halls.
 21581 | Orc:2    | Gained Bogfrid as an ally
 22212 | Orc:2    | Noticed an orc warlord
 22227 | Orc:2    | Gained Orbeogh as an ally
 22266 | Orc:2    | Found Vixtorr's General Store.
 22267 | Orc:2    | Found Holuipp's Jewellery Boutique.
 22271 | Orc:2    | Found Xopigasch's Antique Armour Boutique.
 22271 | Orc:2    | Found Watweocao's Antique Weapon Shop.
 22300 | Orc:2    | Bought the ring "Caeff" {rElec rC+ rN+++ Dex+4 Slay-2} for 787 gold pieces
 22568 | Elf:1    | Entered Level 1 of the Elven Halls
 22619 | Elf:1    | Reached skill level 20 in Axes
 22801 | Elf:1    | Gained Bogdan as an ally
 22909 | Elf:1    | Found a frozen archway.
 22927 | IceCv    | Entered an ice cave
 23471 | IceCv    | HP: 3/135 [golden dragon simulacrum (8)]
 23831 | Elf:1    | Reached skill level 21 in Axes
 23893 | Elf:1    | Your ally Orbeogh died
 24540 | Elf:1    | Gained Zorug as an ally
 24654 | Elf:1    | Gained Syrus as an ally
 24654 | Elf:1    | Reached skill level 22 in Axes
 24659 | Elf:1    | Reached XP level 16. HP: 33/143 MP: 16/16
 25018 | Elf:1    | Found a glowing golden altar of the Shining One.
 25018 | Elf:1    | Found a white marble altar of Elyvilon.
 25020 | Elf:1    | Found a glowing silver altar of Zin.
 25043 | Elf:1    | Your ally Horkud died
 25363 | Elf:2    | Found a runed gate.
 25407 | Elf:2    | Found a runed gate.
 25407 | Elf:2    | Found a runed gate.
 25460 | Elf:2    | Reached skill level 23 in Axes
 26140 | Elf:2    | Found Kuolih's General Store.
 26148 | Elf:2    | Bought a scroll of blinking for 82 gold pieces
 26148 | Elf:2    | Bought a scroll of remove curse for 33 gold pieces
 26385 | Elf:2    | Gained Harm as an ally
 26410 | Elf:2    | Reached skill level 24 in Axes
 26411 | Elf:2    | Noticed a deep elf blademaster
 26418 | Elf:2    | Killed a deep elf blademaster
 26496 | Elf:2    | Noticed Donald
 26501 | Elf:2    | Killed Donald
 26726 | Elf:3    | Entered Level 3 of the Elven Halls
 26738 | Elf:3    | Gained Murdo as an ally
 26741 | Elf:3    | Noticed 4thArraOfDagon's ghost (adept TrIE)
 26754 | Elf:3    | Your ally Bogfrid died
 26762 | Elf:3    | Killed 4thArraOfDagon's ghost
 27138 | Elf:3    | Noticed a deep elf blademaster
 27151 | Elf:3    | Noticed a deep elf blademaster
 27152 | Elf:3    | Noticed a deep elf master archer
 27155 | Elf:3    | Your ally Bogfrid died
 27158 | Elf:3    | Noticed a deep elf master archer
 27164 | Elf:3    | Killed a deep elf blademaster
 27164 | Elf:3    | Reached XP level 17. HP: 123/149 MP: 17/17
 27180 | Elf:3    | Killed a deep elf blademaster
 27180 | Elf:3    | Reached skill level 25 in Axes
 27185 | Elf:3    | Your ally Harm died
 27190 | Elf:3    | Noticed a Brimstone Fiend
 27195 | Elf:3    | Your ally Zorug died
 27203 | Elf:3    | Noticed a Tzitzimitl
 27211 | Elf:3    | Noticed a Hell Sentinel
 27213 | Elf:3    | Noticed a Hell Sentinel
 27217 | Elf:3    | Killed a deep elf master archer
 27219 | Elf:3    | Killed a deep elf master archer
 27223 | Elf:3    | Your ally Syrus died
 27227 | Elf:3    | Your ally Morguth died
 27259 | Elf:3    | Your ally Murdo died
 27270 | Elf:3    | Your ally Bogdan died
 27346 | Elf:3    | Noticed a Brimstone Fiend
 27370 | Elf:3    | Gained Hilgar as an ally
 27371 | Elf:3    | Your ally Hilgar died
 27406 | Elf:3    | Identified the cursed +1 rapier "Weovoi Coyc" {drain, Dex+8} (You took it off a deep elf demonologist on level 3 of the Elven Halls)
 27840 | Elf:3    | Reached skill level 26 in Axes
 27848 | Elf:3    | Gained Bogdan as an ally
 28035 | Elf:3    | Got a polished chain mail
 28046 | Elf:3    | Identified the cursed +1 chain mail of Hantij {rElec rC+++ Int-2 SInv} (You found it on level 3 of the Elven Halls)
 28083 | Elf:3    | Got a coiled lapis lazuli ring
 28086 | Elf:3    | Identified the ring "Kisa" {MR+ AC+2 Dex+4} (You found it on level 3 of the Elven Halls)
 28124 | Elf:3    | Learned a level 3 spell: Regeneration
 28126 | Elf:3    | Learned a level 1 spell: Confusing Touch
 28810 | Swamp:1  | Entered Level 1 of the Swamp
 29587 | Swamp:2  | Noticed Roxanne
 29605 | Swamp:2  | Killed Roxanne
 29606 | Swamp:2  | Identified Roxanne's Handbook of Stones (You took it off Roxanne on level 2 of the Swamp)
 30071 | Swamp:3  | Reached skill level 27 in Axes
 30071 | Swamp:3  | Gained Oreg as an ally
 30135 | Swamp:3  | Your ally Oreg died
 30141 | Swamp:3  | Gained Borgun as an ally
 30205 | Swamp:3  | Noticed Nikola
 30527 | Swamp:3  | Killed Nikola
 30555 | Swamp:3  | Noticed Mara
 30569 | Swamp:3  | Killed Mara
 30708 | Swamp:3  | Learned a level 1 spell: Summon Butterflies
 30710 | Swamp:3  | Learned a level 1 spell: Apportation
 30841 | Swamp:4  | Entered Level 4 of the Swamp
 30883 | Swamp:4  | Noticed Louise
 30895 | Swamp:4  | Killed Louise
 30946 | Swamp:4  | Reached XP level 18. HP: 148/158 MP: 18/18
 31008 | Swamp:4  | Your ally Bogdan died
 31008 | Swamp:4  | Your ally Borgun died
 31846 | Swamp:4  | Identified the ring of Satyriasis {Dex+4 Stlth+} (You found it on level 4 of the Swamp)
 31934 | Swamp:4  | Got a decaying rune of Zot
 32414 | Snake:1  | Entered Level 1 of the Snake Pit
 32534 | Snake:1  | Noticed Aizul
 32548 | Snake:1  | Killed Aizul
 33199 | Snake:1  | Noticed Asterion
 33217 | Snake:1  | Killed Asterion
 34416 | Snake:2  | Noticed Jorgrun
 34423 | Snake:2  | Killed Jorgrun
 35158 | Snake:2  | Got a spiked chain mail
 35169 | Snake:2  | Identified the +8 chain mail "Woomnim" {MR+} (You found it on level 2 of the Snake Pit)
 35266 | Snake:3  | Reached skill level 15 in Fighting
 36305 | Snake:4  | Entered Level 4 of the Snake Pit
 36452 | Snake:4  | Reached XP level 19. HP: 165/170 MP: 17/19
 36965 | Snake:4  | Reached skill level 15 in Armour
 37693 | Snake:4  | Your ally Bogdan died
 37723 | Snake:4  | Got a serpentine rune of Zot
 37733 | Snake:4  | Gained mutation: You can translocate small distances at will. [mutagenic meat]
 38257 | Slime:1  | Entered Level 1 of the Pits of Slime
 38360 | Slime:2  | Gained mutation: You are dopey. (Int -2) [a shining eye]
 38410 | Slime:2  | Your ally Bogdan died
 38601 | Slime:2  | Reached XP level 20. HP: 150/184 MP: 20/20
 39444 | Slime:5  | Entered Level 5 of the Pits of Slime
 39467 | Slime:5  | Noticed the Royal Jelly
 39786 | Slime:4  | HP: 2/189 [acid (6)]
 39791 | Slime:4  | HP: 9/189 [acid[the Royal Jelly] (6)]
 39792 | Slime:4  | HP: 4/189 [acid blob/splash of acid[the Royal Jelly] (5)]
 39792 | Slime:4  | Splashed by an acid blob's acid

Vault maps used:
D:1:      elethiomel_arrival_maze
D:2:      marbit_many_paths, uniq_iyjb
D:3:      kiku_gazebo_pond_becter, ecumenical_altar_2, uniq_natasha,
          uniq_crazy_yiuf_cottage
D:4:      first_bread, st_stairs_10, minmay_misc_feat_plants, uniq_pikel,
          uniq_edmund
D:5:      grunt_dithmenos_shadows, minmay_overflow_temple_star_quad
D:6:      lemuel_blue_sif_altar, serial_shops, kennysheep_mini_moat, shop
D:7:      lemuel_round_altar
D:9:      nicolae_overflow_crystal_walls, fiery_altar_vehumet,
          hangedman_pestilent_swarm
D:10:     lair_0_dummy, kennysheep_dice, uniq_sonja
D:11:     basic_altar, enter_trove_0, small_statue_alley_a
D:12:     david_orc_3, minmay_joined_circles
Lair:1:   nicolae_volcano_entry_lava_flow, uniq_gastronok
Lair:2:   beast_lair_carwin_large_3, dummy_snake_entry, special_room,
          bobbens_dragon_lair_wall, uniq_fannar, uniq_harold
Lair:3:   cheibrodos_lair_caveside_slide, lemuel_oklob_altar
Lair:4:   minmay_swamp_entry_reptiles, serial_bayou_lake_a
Lair:5:   basic_altar, lemuel_fruit_tree
Lair:6:   grunt_lair_end_beastmaster, minmay_slime_entry_pillars, serial_bayou,
          serial_bayou_ford_a, serial_bayou_pond_c, serial_bayou_pond_e,
          serial_bayou_pond_e, serial_bayou_pond_e
Swamp:1:  evilmike_swamp_ruin_house_5
Swamp:2:  nicolae_swamp_orc_logging_accident, swamp_pool1,
          nicolae_swamp_treefoil, infiniplex_staircase_pool, uniq_roxanne,
          uniq_kirke
Swamp:3:  evilmike_swamp_ruin_rubble_1, st_swamp_mini, uniq_nikola, uniq_mara
Swamp:4:  swamp_icy, uniq_louise
Snake:1:  uniq_aizul, uniq_asterion
Snake:2:  grunt_ministairs_1, uniq_jorgrun
Snake:3:  nicolae_snake_double_loop, grunt_megastairs_2
Snake:4:  snake_pit_salamanders_mu, serial_bayou_shore_a
Slime:2:  nicolae_slime_round_cave
Slime:3:  basic_altar, nicolae_slime_welcoming_committee
Slime:4:  nicolae_slime_barrier
Orc:1:    giant_chief_lemuel, nicolae_orc_lava_tube,
          nicolae_orc_sculptors_studio, sword_in_stone
Orc:2:    st_orc_congregation
Elf:1:    minmay_elf_arrival_plus, portal_ice_cave_entry_pillars_four,
          portal_desolation_entry_holy_temple, orc_legates
Elf:2:    serial_shops, nicolae_shop_stone, uniq_donald
Elf:3:    elf_hall
IceCv:    ice_cave_statue_garden_chambered
Volcano:  volcano_grotto

Skill      XL: |  1  2  3  4  5  6  7  8  9 10 11 12 13 14 15 16 17 18 19 20 |
---------------+-------------------------------------------------------------+-----
Fighting       | 4 5 6 7 8 10 11 12 13 15 17 18 | 18.8
Axes           | 5 6 9 10 12 14 16 18 22 24 27 | 27.0
Dodging        | 4 9 10 11 12 13 14 | 14.4
Armour         | 9 11 12 13 14 16 | 16.1
Stealth        | |  1.5

Action                   |  1- 3 |  4- 6 |  7- 9 | 10-12 | 13-15 | 16-18 | 19-21 || total
-------------------------+-------+-------+-------+-------+-------+-------+-------++-------
Melee: Hand axe          |    99 |   171 |   350 |       |       |       |       ||   620
       War axe           |       |       |   341 |   711 |   601 |       |       ||  1653
       Kick              |       |       |    85 |     6 |       |       |       ||    91
       Headbutt          |       |       |       |     4 |       |       |       ||     4
       Executioner's axe |       |       |       |       |   441 |       |       ||   441
       Battleaxe         |       |       |       |       |   105 |  1324 |   695 ||  2124
Invok: Convert to Beogh  |       |       |     1 |       |       |       |       ||     1
       Smiting           |       |       |       |     2 |       |       |       ||     2
       Recall Orcish Fol |       |       |       |     1 |     6 |     8 |     2 ||    17
       Resurrection      |       |       |       |       |     2 |     3 |     2 ||     7
       Give Item to Name |       |       |       |       |     4 |     5 |       ||     9
 Abil: Evoke Berserk Rag |       |       |       |       |     1 |     1 |       ||     2
       Blink             |       |       |       |       |       |       |     3 ||     3
Evoke: Wand              |       |       |     1 |     2 |    12 |     5 |     2 ||    22
  Use: Scroll            |       |     6 |     6 |    16 |     3 |    18 |     3 ||    52
       Potion            |       |     1 |       |    12 |     2 |     3 |     2 ||    20
 Stab: Confused          |       |       |     2 |       |     1 |       |       ||     3
       Distracted        |       |       |       |     1 |    19 |    31 |    10 ||    61
       Sleeping          |       |       |       |     1 |       |       |       ||     1
       Paralysed         |       |       |       |       |     6 |       |       ||     6
       Invisible         |       |       |       |       |       |     3 |       ||     3
  Eat: Chunk             |       |     3 |    32 |    20 |    32 |    31 |     8 ||   126
       Beef jerky        |       |       |     1 |       |       |       |       ||     1
       Bread ration      |       |       |       |       |     2 |     1 |     2 ||     5
       Meat ration       |       |       |       |       |       |     1 |       ||     1
       Pizza             |       |       |       |       |       |     2 |       ||     2
Armor: Robe              |    10 |       |       |       |       |       |       ||    10
       Chain mail        |    39 |   114 |   285 |    17 |       |       |       ||   455
       Ice dragon armour |       |       |       |   170 |   470 |   649 |   320 ||  1609
       Skin              |       |       |       |    19 |       |       |       ||    19
Dodge: Dodged            |    49 |    62 |   217 |   395 |  1163 |  1034 |   651 ||  3571
